 Dungeon Crawl Stone Soup version 0.21.1-1-g345015fe64 (webtiles) character file.

203 Kohma the Firebug (level 5, 0/28 HPs)
             Began as a Gargoyle Fire Elementalist on July 3, 2018.
             Killed from afar by Sigmund (1 damage)
             ... with a magic dart
             ... on level 2 of the Dungeon.
             The game lasted 00:12:52 (3834 turns).

Kohma the Firebug (Gargoyle Fire Elementalist)      Turns: 3834, Time: 00:12:53

Health: 0/28       AC:  6    Str: 11    XL:     5   Next: 81%
Magic:  0/9        EV: 12    Int: 17    God:
Gold:   183        SH:  0    Dex: 10    Spells: 5/9 levels left

rFire    . . .     SeeInvis .   e - +0 dagger
rCold    . . .     Gourm    .   (no shield)
rNeg     + . .     Faith    .   a - +0 robe
rPois    ∞         Spirit   .   (no helmet)
rElec    +         Reflect  .   (no cloak)
rCorr    .         Harm     .   (no gloves)
MR       .....                  (no boots)
Stlth    ++........             (no amulet)
HPRegen  0.09/turn              (no ring)
MPRegen  0.11/turn              (no ring)

@: no status effects
A: negative energy resistance 1, electricity resistance, unbreathing,
petrification resistance, rot immunity, AC +4
a: no special abilities


You were on level 2 of the Dungeon.
You were not hungry.

You visited 1 branch of the dungeon, and saw 3 of its levels.

You collected 183 gold pieces.

Inventory:

Hand Weapons
 e - a +0 dagger (weapon)
 h - a +3 short sword
 o - a +0 flail
Missiles
 f - 77 stones
 n - 4 javelins (quivered)
Armour
 a - a +0 robe (worn)
 g - a +0 leather armour
 p - a +0 ring mail
Jewellery
 q - an uncursed ring of ice {unknown}
 r - a +1 ring of protection {unknown}
Scrolls
 d - a scroll of teleportation {unknown}
 i - a scroll of identify {unknown}
 m - 2 scrolls of enchant weapon {unknown}
 s - a scroll of remove curse {unknown}
 t - a scroll of amnesia {unknown}
Potions
 j - 2 potions of might {unknown}
 k - a potion of magic {unknown}
 l - a potion of mutation {unknown}
Books
 b - a book of Flames

   Spells                             Type                      Level
   a - Flame Tongue                   Conjuration/Fire             1
   b - Throw Flame                    Conjuration/Fire             2
   c - Conjure Flame                  Conjuration/Fire             3
   d - Inner Flame                    Hexes/Fire                   3
   e - Sticky Flame                   Conjuration/Fire             4
   f - Fireball                       Conjuration/Fire             5
Comestibles
 c - 2 rations
 u - 2 chunks of flesh


   Skills:
 - Level 2.0 Dodging
 - Level 2.1 Stealth
 + Level 2.9 Spellcasting
 * Level 3.7 Conjurations
 * Level 4.4 Fire Magic


You had 5 spell levels left.
You knew the following spells:

 Your Spells              Type           Power        Failure   Level  Hunger
a - Flame Tongue          Conj/Fire      ###..        3%          1    #......
b - Conjure Flame         Conj/Fire      ###.....     10%         3    ###....


Dungeon Overview and Level Annotations

Branches:
Dungeon (3/15)

Altars:

Annotations:
D:1 exclusion: downstairs
D:2 Sigmund
D:3 petercordia's ghost, weakling FeTm


Innate Abilities, Weirdness & Mutations

You are resistant to torment.
Your stone body is resilient. (AC +4)
You are immune to poison.
You resist negative energy. (rN+)
You are resistant to electric shocks. (rElec)
You can survive without breathing.
You are immune to petrification.
You are immune to rotting.


Message History

Press: ? - help, Shift-Dir - straight line, f/p - Sigmund
Aim: Sigmund, wielding a scythe and wearing a robe (severely wounded)
The flame tongue hits Sigmund.
Sigmund is almost dead.
Sigmund hits you with a scythe.
You closely miss Sigmund.
Sigmund is almost dead.
Sigmund barely misses you.
You hit Sigmund but do no damage.
Sigmund is almost dead.
You hit Sigmund but do no damage.
Sigmund is almost dead.
Sigmund gestures at you while chanting. The puff of flame hits you!
* * * LOW HITPOINT WARNING * * *
You hit Sigmund.
Sigmund is almost dead.
Sigmund points at you and mumbles some strange words.
The magic dart hits you!
You die...

.#.#.#
########.##.#
###..# #.##.# #
##.# #.##.# ###.##
#....# .<...#
#.#### ..##.# #.#
..##.# ##### #.#
..##.####...####.#
..........#....@@#
####.............#
###############


You could see Sigmund.

Vanquished Creatures
  An orc wizard (D:3)
  4 gnolls (D:3)
  4 adders
  An ooze (D:3)
  A worm (D:2)
  A leopard gecko (D:1)
  4 orcs (D:3)
  2 ball pythons (D:3)
  11 bats
  4 giant cockroaches
  6 goblins
  7 hobgoblins
  14 jackals
  11 kobolds
  2 quokkas
  2 frilled lizards
  11 rats
86 creatures vanquished.

Notes
Turn   | Place    | Note
-------+----------+-------------------------------------------
     0 | D:1      | Kohma the Gargoyle Fire Elementalist began the quest for the Orb.
     0 | D:1      | Reached XP level 1. HP: 10/10 MP: 3/3
   120 | D:1      | Reached XP level 2. HP: 14/15 MP: 0/5
   773 | D:1      | Reached XP level 3. HP: 16/19 MP: 3/6
   820 | D:1      | Learned a level 3 spell: Conjure Flame
  1760 | D:2      | Noticed Sigmund
  2087 | D:1      | Reached XP level 4. HP: 9/24 MP: 1/7
  2830 | D:3      | Reached skill level 4 in Fire Magic
  2830 | D:3      | Reached XP level 5. HP: 18/28 MP: 2/9
  3786 | D:3      | Noticed petercordia's ghost (weakling FeTm)
  3833 | D:2      | HP: 1/28 [Sigmund/puff of flame (8)]
  3834 | D:2      | Killed from afar by Sigmund

Skill      XL: |  1  2  3  4 |
---------------+-------------+-----
Conjurations   | 2 3 |  3.7
Dodging        | 2 |  2.0
Fire Magic     | 4 |  4.4
Stealth        | |  2.1
Spellcasting   | |  2.9

Action                   |  1- 3 |  4- 6 || total
-------------------------+-------+-------++-------
Melee: Unarmed           |    10 |       ||    10
       Dagger            |    28 |    30 ||    58
 Cast: Flame Tongue      |    60 |   100 ||   160
       Conjure Flame     |     2 |     1 ||     3
  Eat: Chunk             |     4 |     3 ||     7
       Ration            |     1 |       ||     1
Armor: Robe              |    45 |    34 ||    79
Dodge: Dodged            |    82 |    67 ||   149
